 Dungeon Sprint DCSS version 0.14-a0-519-g334afa2 (webtiles) character file.

1000000 MDvedh the Ninja (level 14, -2/80 HPs)
             Began as a Spriggan Assassin on Nov 2, 2013.
             Slain by a bag of meat
             ... wielding a +9,+9 war axe
              (12 damage)
             ... in the Dungeon (Sprint VIII: "Arena of Blood").
             The game lasted 00:00:42 (10 turns).

MDvedh the Ninja (Spriggan Assassin)                  Turns: 10, Time: 00:00:42

HP  -2/80        AC  3     Str  7      XL: 14   Next: 27%
MP  23/23        EV 35     Int 12      God:
Gold 0           SH  0     Dex 23      Spells:  0 memorised, 13 levels left

Res.Fire  : . . .   See Invis. : +   n - +∞ Axe of Woe
Res.Cold  : . . .   Warding    : .   c - +0 robe
Life Prot.: . . .   Conserve   : .   (shield restricted)
Res.Poison: .       Res.Corr.  : .   (helmet restricted)
Res.Elec. : .       Clarity    : .   d - +0 cloak
Sust.Abil.: . .     Spirit.Shd : .   (gloves unavailable)
Res.Mut.  : .       Prev.Telep.: +   (boots unavailable)
Res.Rott. : .       Flight     : .   (no amulet)
Saprovore : . . .                    (no ring)
                                     (no ring)

@: very quick, very resistant to hostile enchantments, uncannily stealthy
A: unfitting armour, see invisible, herbivore 3, speed 3, slow metabolism 2
a: no special abilities


You were in the Dungeon.
You were not hungry.

You visited 1 branch

Inventory:

Hand weapons
 a - a +2,+2 dagger
 b - a +0 blowgun
 n - the +∞,+∞ Axe of Woe (weapon)
   (You found it in the Dungeon)
Missiles
 e - 8 poisoned needles
 f - 2 curare-tipped needles
Armour
 c - a +0 robe (worn)
 d - a +0 cloak (worn)
Scrolls
 m - a scroll of blinking
Potions
 g - a potion of porridge
 h - a potion of curing
 i - a potion of heal wounds
 j - a potion of speed
 k - 2 potions of magic
 l - a potion of berserk rage


   Skills:
 + Level 16.2 Fighting
 + Level 20.1 Short Blades
 + Level 19.9 Throwing
 + Level 15.1 Dodging
 O Level 27 Stealth


You had 13 spell levels left.
You didn't know any spells.

Dungeon Overview and Level Annotations

Branches:
Dungeon (1/1)

Altars:
Makhleb


Innate Abilities, Weirdness & Mutations

You are tiny and cannot use many weapons and most armour.
You have supernaturally acute eyesight.
You are a herbivore.
You cover ground extremely quickly.
You need consume almost no food.


Message History

The bag of meat appears out of thin air!
A bag of meat comes into view. It is wielding a +9,+9 war axe.
You hear a shout!
A bag of meat comes into view. It is wielding a +9,+9 war axe.
You chop the bag of meat into pieces.
You kill the bag of meat!
Your Fighting skill increases to level 15!
Your Short Blades skill increases to level 18!
Your Throwing skill increases to level 18!
Your Dodging skill gained 2 levels and is now at level 14!
You chop the bag of meat into pieces.
You kill the bag of meat!
Your Fighting skill increases to level 16!
Your Short Blades skill gained 2 levels and is now at level 20!
Your Throwing skill increases to level 19!
Your Dodging skill increases to level 15!
You have reached level 14!
You hear a shout!
The bag of meat hits you with a +9,+9 war axe!
You die...

. ..... ......
....... ......... .
#...o...# .#..
#.......#
......###.......###.
.......)@oo###......
...#...)o).._......
#.......#.....#..
........#_.<._#
#.......#.....#
.#........_......
........###......
..###... ..###. .
#... ..#


You could see 4 bags of meat.

Vanquished Creatures
  An ogre (D)
  4 orcs (D)
5 creatures vanquished.

Notes
Turn   | Place    | Note
--------------------------------------------------------------
     0 | D        | MDvedh, the Spriggan Assassin, began the quest for the Orb.
     0 | D        | Reached XP level 1. HP: 10/10 MP: 1/1
     4 | D        | Noticed a meat berserker
     5 | D        | Noticed a bag of meat
     6 | D        | Noticed a bag of meat
     7 | D        | Noticed a bag of meat
     8 | D        | Noticed a bag of meat
     8 | D        | Noticed a bag of meat
     8 | D        | Noticed a bag of meat
     8 | D        | Killed a meat berserker
     8 | D        | Reached skill level 9 in Fighting
     8 | D        | Reached skill level 12 in Short Blades
     8 | D        | Reached skill level 27 in Stealth
     8 | D        | Reached XP level 2. HP: 14/16 MP: 3/3
     8 | D        | Reached XP level 3. HP: 17/20 MP: 5/5
     8 | D        | Reached XP level 4. HP: 21/25 MP: 7/7
     8 | D        | Reached XP level 5. HP: 25/30 MP: 9/9
     8 | D        | Reached XP level 6. HP: 29/35 MP: 11/11
     8 | D        | Reached XP level 7. HP: 32/39 MP: 13/13
     8 | D        | Reached XP level 8. HP: 36/44 MP: 15/15
     8 | D        | Reached XP level 9. HP: 40/49 MP: 17/17
     8 | D        | Reached XP level 10. HP: 43/53 MP: 18/18
     8 | D        | Reached XP level 11. HP: 47/58 MP: 20/20
     9 | D        | Killed a bag of meat
     9 | D        | Reached skill level 15 in Short Blades
     9 | D        | Reached skill level 15 in Throwing
     9 | D        | Reached XP level 12. HP: 9/65 MP: 21/21
     9 | D        | Killed a bag of meat
     9 | D        | Reached XP level 13. HP: 9/72 MP: 22/22
    10 | D        | Noticed a bag of meat
    10 | D        | Noticed a bag of meat
    10 | D        | Killed a bag of meat
    10 | D        | Reached skill level 15 in Fighting
    10 | D        | Killed a bag of meat
    10 | D        | Reached skill level 15 in Dodging
    10 | D        | Reached XP level 14. HP: 9/80 MP: 23/23
    10 | D        | Slain by a bag of meat

Action                   |  1- 3 |  4- 6 |  7- 9 | 10-12 | 13-15 || total
-------------------------+-------+-------+-------+-------+-------++-------
Melee: Broad axe         |     1 |       |       |     1 |     1 ||     3
